 Dungeon Crawl Stone Soup version 0.29.0-11-gd7f09526c8 (webtiles) character file.

Game seed: 7298790144906514441

4687 Tirrikindir the Carver (level 10, -8/65 HPs)
             Began as an Octopode Fighter on Sept 5, 2022.
             Was a High Priest of Cheibriados.
             Killed from afar by an electric eel (10 damage)
             ... with a bolt of electricity
             ... on level 9 of the Dungeon.
             The game lasted 00:22:19 (7910 turns).

Tirrikindir the Carver (Octopode Fighter)           Turns: 7910, Time: 00:22:20

Health: -8/65      AC:  5    Str: 27    XL:     10   Next: 44%
Magic:  16/16      EV: 32    Int: 34    God:    Cheibriados [*****.]
Gold:   400        SH:  8    Dex: 33    Spells: 15/17 levels left

rFire   . . .      SeeInvis .   B - +6 scimitar (drain)
rCold   . . .      Faith    .   b - +0 buckler
rNeg    . . .      Spirit   .   (helmet restricted)
rPois   .          Reflect  .   m - amulet of the acrobat
rElec   .          Harm     .   l - +6 ring of dexterity
rCorr   .          Rampage  .   j - +4 ring of protection
Will    .....                   (no ring)
Stlth   +++++.....              (no ring)
HPRegen 0.20/turn               (no ring)
MPRegen 0.15/turn               (no ring)
                                (no ring)
                                (no ring)

@: acrobatic, very slow
A: almost no armour, amphibious, 8 rings, camouflage 1, gelatinous body 1,
(nimble swimmer 1), tentacles, clever 2
a: Renounce Religion, Bend Time, Temporal Distortion, Slouch, Step From Time


You were on level 9 of the Dungeon.
You worshipped Cheibriados.
Cheibriados was extremely pleased with you.
You visited 1 branch of the dungeon, and saw 9 of its levels.

You collected 400 gold pieces.

Inventory:

Hand Weapons
 B - a +6 scimitar of draining (weapon)
 E - a +5 short sword of freezing
Missiles
 v - 4 boomerangs
 x - 2 throwing nets
 G - 18 poisoned darts (quivered)
Armour
 b - a +0 buckler (worn)
Jewellery
 j - a +4 ring of protection (right tentacle)
 l - a +6 ring of dexterity (left tentacle)
 m - an amulet of the acrobat (around mantle)
Wands
 h - a wand of paralysis (1)
 q - a wand of digging (14)
 r - a wand of polymorph (8)
 t - a wand of flame (43)
 C - a wand of roots (10)
Scrolls
 a - 2 scrolls of vulnerability
 d - 4 scrolls of amnesia
 e - a scroll of brand weapon
 g - 4 scrolls of blinking
 i - a scroll of poison
 k - 2 scrolls of magic mapping
 p - a scroll of summoning
 s - 4 scrolls of teleportation
 w - a scroll of fog {unknown}
 y - a scroll of enchant armour {unknown}
 H - a scroll of immolation {unknown}
Potions
 c - a potion of might
 f - 6 potions of curing
 n - 2 potions of ambrosia
 o - 2 potions of magic
 u - 2 potions of brilliance
 z - 2 potions of heal wounds {unknown}
 A - a potion of mutation
 D - a potion of degeneration {unknown}
 F - a potion of lignification {unknown}
 I - a potion of flight {unknown}


   Skills:
 * Level 4.3 Fighting
 * Level 10.1 Long Blades
 + Level 2.2 Throwing
 * Level 4.2 Dodging
 * Level 6.3 Stealth
 * Level 4.3 Shields
 * Level 4.3 Spellcasting
 * Level 4.3 Translocations
 + Level 4.1 Invocations
 + Level 3.2 Evocations


You had 15 spell levels left.
You knew the following spells:

 Your Spells              Type           Power      Damage    Failure   Level
a - Blink                 Tloc           72%        N/A       1%          2

Your spell library contained the following spells:

 Spells                   Type           Power      Damage    Failure   Level
 Apportation              Tloc           72%        N/A       1%          1
 Necrotise                Necr           28%        1d5       6%          1
 Summon Small Mammal      Summ           28%        N/A       6%          1
 Sublimation of Blood     Necr           7%         N/A       10%         2
 Dazzling Flash           Conj/Hex       14%        N/A       19%         3
 Manifold Assault         Tloc           36%        N/A       28%         5
 Petrify                  Tmut/Erth      7%         N/A       52%         4
 Agony                    Necr           7%         N/A       86%         5
 Irradiate                Conj/Tmut      3%         3d12      86%         5
 Silence                  Hex/Air        3%         N/A       86%         5
 Storm Form               Tmut/Air       3%         N/A       100%        7


Dungeon Overview and Level Annotations

Branches:
Dungeon (9/15)             Temple (0/1) D:6
   Lair: D:8-11         Orc: D:9-12

Altars:
Cheibriados
Makhleb
Uskayaw
Vehumet
Xom

Shops:
D:5 [   D:7 :


Innate Abilities, Weirdness & Mutations

You cannot wear most types of armour.
You are amphibious.
You can wear up to eight rings at the same time.
Your skin changes colour to match your surroundings (Stealth+).
Your rubbery body absorbs attacks. (AC +1, EV +1)
((You are camouflaged when in or above water. (Stealth+)))
You have tentacles for arms and can constrict up to eight enemies at once.
Your mind is very acute. (Int +8, Str/Dex -2)


Message History

An orc comes into view. It is wielding a +0 short sword.
The electric eel shoots out a bolt of lightning at you!
The bolt of electricity misses you.
The hound barks!
You hear a shout!
The electric eel shoots out a bolt of lightning at you!
The bolt of electricity misses you. The hound completely misses you.
The electric eel shoots out a bolt of lightning at you!
The bolt of electricity misses you.
You slice the hound!!
You kill the hound!
Cheibriados thoroughly appreciates the change of pace.
The electric eel shoots out a bolt of lightning at you!
The bolt of electricity hits you!
An orc wizard comes into view. It is wielding a +0 dagger.
An orc comes into view. It is wielding a +0 club.
The electric eel shoots out a bolt of lightning at you!
The bolt of electricity hits you!
The electric eel shoots out a bolt of lightning at you!
The bolt of electricity hits the orc!
The orc dies!
The bolt of electricity hits you! The bolt of electricity misses you.
The electric eel shoots out a bolt of lightning at you!
The bolt of electricity hits you! The bolt of electricity misses you.
The killer bee buzzes angrily.
The orc wizard gestures at you while chanting.
The magic dart hits you.
The electric eel shoots out a bolt of lightning at you!
The bolt of electricity hits you!
* * * LOW HITPOINT WARNING * * *
The electric eel shoots out a bolt of lightning at you!
The bolt of electricity hits you.
* * * LOW HITPOINT WARNING * * *
The bolt of electricity misses you. The orc wizard casts a spell at you.
The magic dart hits you!
* * * LOW HITPOINT WARNING * * *
The electric eel shoots out a bolt of lightning at you!
The bolt of electricity hits you!
You die...

#≈≈≈≈~.~.~.~≈≈
#~≈≈≈~≈≈≈~~~≈.
#≈.y~≈≈≈~≈~~~. #
#.≈.~~~≈~o(o~~
#.##...~.S.~~.~..
.....y~~...~....
#.....)~.S......
#...............
##...@†###.###.# #...###
#.# # ###)# #.# . #†#
###.# # #.# #.#.######
#######.#######........#
......#.#........).)>..#
......#.#.......#)###†###
......#.#.......#)# #.#.#


You could see 2 killer bees, 2 electric eels, an orc wizard and an orc.

Vanquished Creatures
  A hornet (D:7)
  Sigmund (D:3)
  4 vampire mosquitoes (D:9)
  Duvessa (D:7)
  An orc warrior (D:8)
  An ice beast (D:6)
  3 black bears
  4 ogres
  3 centaurs
  2 phantoms (D:5)
  2 kobold brigands (D:8)
  3 bullfrogs
  Blork the orc (D:6)
  3 necrophages
  3 scorpions
  4 wights (D:7)
  Dowan (D:7)
  5 killer bees
  An electric eel (D:6)
  3 howler monkeys
  A crimson imp (D:4)
  8 hounds
  Crazy Yiuf (D:3)
  2 jellies
  4 orc priests
  5 iguanas
  Ijyb (D:3)
  10 orc wizards
  3 gnolls (D:4)
  12 adders
  A shadow imp (D:8)
  An ufetubus (D:4)
  3 worms (D:2)
  10 dart slugs
  23 orcs
  7 ball pythons
  2 endoplasms (D:3)
  2 giant cockroaches
  13 goblins
  17 hobgoblins
  16 kobolds
  6 quokkas
  5 bats
  2 frilled lizards
  8 rats
210 creatures vanquished.

Vanquished Creatures (others)
  An orc (D:9)
  2 plants (D:8)
3 creatures vanquished.

Grand Total: 213 creatures vanquished

Notes
Turn   | Place    | Note
-------+----------+-------------------------------------------
     0 | D:1      | Tirrikindir the Octopode Fighter began the quest for the
                  | Orb.
     0 | D:1      | Reached XP level 1. HP: 16/16 MP: 1/1
   736 | D:1      | Reached XP level 2. HP: 21/21 MP: 2/2
   878 | D:2      | Found a faded altar of an unknown god.
   882 | D:2      | Reached skill level 1 in Stealth
   885 | D:2      | Reached XP level 3. HP: 13/26 MP: 3/3
  1142 | D:2      | Prayed at the altar of an unknown god.
  1142 | D:2      | Became a worshipper of Cheibriados the Contemplative
  1142 | D:2      | Reached * piety under Cheibriados
  1159 | D:2      | You fall into a shaft and drop 1 floor!
  1168 | D:3      | Noticed Ijyb
  1170 | D:3      | Paralysed by Ijyb for 2 turns
  1180 | D:3      | Killed Ijyb
  1181 | D:3      | Reached XP level 4. HP: 22/31 MP: 4/4
  1239 | D:3      | Reached skill level 3 in Long Blades
  1282 | D:3      | Noticed a scorpion
  1291 | D:3      | Killed a scorpion
  1292 | D:3      | Reached skill level 1 in Invocations
  1292 | D:3      | Reached XP level 5. HP: 22/36 MP: 4/6
  1496 | D:3      | Noticed Sigmund
  1508 | D:3      | Killed Sigmund
  1509 | D:3      | Reached skill level 1 in Evocations
  1509 | D:3      | Reached XP level 6. HP: 37/43 MP: 7/7
  1586 | D:2      | Reached ** piety under Cheibriados
  1847 | D:2      | Identified the +9 quarterstaff "Goant" {vorpal, *Noise
                  | rPois rC+ Int+5}
  2683 | D:3      | Reached *** piety under Cheibriados
  2708 | D:3      | Found a runed translucent door.
  2709 | D:3      | Noticed Crazy Yiuf
  2720 | D:3      | Killed Crazy Yiuf
  2721 | D:3      | Reached skill level 4 in Long Blades
  3099 | D:4      | Reached XP level 7. HP: 47/47 MP: 9/9
  3287 | D:4      | Found a radiant altar of Vehumet.
  3287 | D:4      | Found a burning altar of Makhleb.
  3884 | D:5      | Entered Level 5 of the Dungeon
  3898 | D:4      | Reached **** piety under Cheibriados
  4111 | D:5      | Reached skill level 5 in Long Blades
  4111 | D:5      | Reached skill level 1 in Throwing
  4111 | D:5      | Reached XP level 8. HP: 54/54 MP: 11/11
  4120 | D:5      | Found Vaed's Antique Armour Shoppe.
  4273 | D:5      | Reached skill level 5 in Stealth
  4582 | D:5      | Reached skill level 6 in Long Blades
  4734 | D:5      | Reached skill level 7 in Long Blades
  4743 | D:5      | Reached XP level 9. HP: 26/58 MP: 12/12
  4746 | D:5      | Learned a level 2 spell: Blink
  5060 | D:6      | Found a staircase to the Ecumenical Temple.
  5073 | D:6      | Noticed Blork the orc
  5081 | D:6      | Killed Blork the orc
  5099 | D:6      | Reached skill level 8 in Long Blades
  5135 | D:6      | Reached skill level 1 in Spellcasting
  5135 | D:6      | Reached skill level 1 in Translocations
  5153 | D:6      | Reached ***** piety under Cheibriados
  5636 | D:7      | Noticed Duvessa
  5636 | D:7      | Noticed Dowan
  5637 | D:7      | Killed Duvessa
  5639 | D:7      | Killed Dowan
  5719 | D:7      | Found Titocr Xule's Book Shop.
  5753 | D:7      | Found a shimmering altar of Xom.
  5753 | D:7      | Found a hide-covered altar of Uskayaw.
  5798 | D:7      | Reached skill level 9 in Long Blades
  5987 | D:7      | Noticed a hornet
  5991 | D:7      | Killed a hornet
  6041 | D:7      | Identified the +5 dagger of Past Mistakes {antimagic, *Rage
                  | Int+7}
  6819 | D:8      | Reached XP level 10. HP: 38/63 MP: 15/15
  7103 | D:8      | Reached skill level 10 in Long Blades
  7119 | D:8      | Identified the +10 quarterstaff of Floods {protect, rElec
                  | rC- Int+2 Stlth+}
  7670 | D:9      | Gained mutation: You are agile. (Dex +4, Str/Int -1)
                  | [potion of mutation]
  7670 | D:9      | Lost mutation: You are agile. (Dex +4, Str/Int -1) [potion
                  | of mutation]
  7671 | D:9      | Gained mutation: Your mind is acute. (Int +4, Str/Dex -1)
                  | [potion of mutation]
  7671 | D:9      | Gained mutation: Your mind is very acute. (Int +8, Str/Dex
                  | -2) [potion of mutation]
  7910 | D:9      | HP: 2/65 [orc wizard/magic dart (7)]
  7910 | D:9      | Killed from afar by an electric eel

Illustrated notes

Levels and vault maps discovered:
D:1:      minmay_arrival_checkered_box, layout_basic, minmay_strange_pillars
D:2:      layout_basic, nicolae_ecumenical_snake_handling, minmay_box_of_dots
D:3:      layout_rooms, grunt_ministairs_15, minmay_misc_feat_tower,
          nicolae_hexahallways, kennysheep_pointless_box, uniq_ijyb,
          uniq_sigmund, uniq_crazy_yiuf_cottage
D:4:      layout_loops_ring, grunt_temple_overflow_lords_of_destruction
D:5:      minmay_angry_zag, layout_loops_ring, serial_shops,
          nicolae_shop_hallway_plus
D:6:      kennysheep_slugbush, layout_cave_pools, temple_statues,
          uniq_blork_the_orc
D:7:      layout_loops_ring, gammafunk_temple_overflow_wave, serial_shops, shop,
          uniq_duvessa
D:8:      corexii_shack_village, layout_loops_corners
D:9:      layout_loops_ring, mainiacjoe_overflow_catch_the_wave,
          okawaru_metal_pillars_3, erik_lair_island, serial_co_window_serial,
          co_window_corner_a, co_window_corner_a, co_window_paths_b,
          co_window_cross_1, co_window_corner_a, co_window_2corner,
          co_window_broadway_a, co_window_2corner, co_window_corner_b,
          co_window_of_opportunity_c, co_window_unsneaky_path_b

Skill      XL: |  1  2  3  4  5  6  7  8  9 10 |
---------------+-------------------------------+-----
Stealth        | 1 2 3 4 6 |  6.3
Long Blades    | 3 4 5 7 9 10 | 10.1
Invocations    | 1 2 4 |  4.1
Evocations     | 1 2 3 |  3.2
Fighting       | 4 |  4.3
Dodging        | 4 |  4.2
Shields        | 4 |  4.3
Throwing       | 1 2 |  2.2
Spellcasting   | 3 4 |  4.3
Translocations | 3 4 |  4.3

Action                   |  1- 3 |  4- 6 |  7- 9 | 10-12 || total
-------------------------+-------+-------+-------+-------++-------
Melee: Long sword        |    25 |    73 |   129 |       ||   227
       Constrict         |     6 |    22 |    40 |    19 ||    87
       Tentacles         |     5 |    15 |    35 |    17 ||    72
       Punch             |       |       |     3 |       ||     3
       Scimitar          |       |       |    55 |    72 ||   127
Throw: Dart              |       |       |     4 |     3 ||     7
  Use: Scroll            |     5 |     3 |     8 |       ||    16
       Potion            |       |       |     1 |     3 ||     4
 Stab: Sleeping          |     3 |    20 |    17 |    12 ||    52
       Distracted        |       |       |     1 |       ||     1
Armor: Skin              |     2 |     3 |    29 |     6 ||    40
Dodge: Dodged            |    23 |    45 |   135 |    47 ||   250
Block: Buckler           |     2 |    18 |    60 |    10 ||    90
